 Dungeon Crawl Stone Soup version 0.29-a0-193-ga21e45360d (console) character file.

Game seed: 6255863944376114656

5049 Gather the Reanimator (level 10, -12/71 HPs)
             Began as a Mummy Necromancer on Feb 22, 2022.
             Mangled by a boulder beetle (19 damage)
             ... on level 2 of the Lair of Beasts.
             The game lasted 01:10:23 (10938 turns).

Gather the Reanimator (Mummy Necromancer)          Turns: 10938, Time: 01:10:23

Health: -12/71     AC: 12    Str: 11    XL:     10   Next: 30%
Magic:  8/17       EV: 11    Int: 19    God:
Gold:   521        SH:  0    Dex: 13    Spells: 2/18 levels left

rFire   . . .      SeeInvis +   a - +4 double sword (protect)
rCold   + . .      Faith    .   u - orb {light}
rNeg    + + +      Spirit   .   n - +0 ring mail
rPois   ∞          Reflect  .   m - +2 helmet
rElec   .          Harm     .   (no cloak)
rCorr   .          Rampage  .   d - +2 pair of gloves
Will    +....                   (no boots)
Stlth   +.........              q - amulet of the acrobat
HPRegen 0.21/turn               f - ring of protection from fire
MPRegen 0.15/turn               v - ring of see invisible

@: glowing
A: cold resistance 1, negative energy resistance 3, torment resistance 2, heat
vulnerability 1, no potions
a: no special abilities


You were on level 2 of the Lair of Beasts.
You visited 3 branches of the dungeon, and saw 11 of its levels.
You also visited: Ossuary.

You collected 521 gold pieces.

Inventory:

Hand Weapons
 a - a +4 double sword of protection (weapon)
 c - a +2 quarterstaff of speed
Missiles
 g - 14 poisoned darts (quivered)
 l - 3 boomerangs of dispersal
 r - 3 boomerangs
 A - 284 stones
Armour
 d - a +2 pair of gloves (worn)
 e - a +0 robe
 i - a +0 leather armour
 m - a +2 helmet (worn)
 n - a +0 ring mail (worn)
 p - the +1 pair of gloves "Nita" {rElec Regen+ Str-3 Slay+2}
   (You found it on level 3 of the Dungeon)

   Str:       It affects your strength (-3).
   Slay:      It affects your accuracy & damage with ranged weapons and melee
   (+2).
   rElec:     It insulates you from electricity.
   Regen:     It increases your rate of health regeneration.
 u - an orb of light (worn)
 w - a +2 plate armour of fire resistance
Magical Staves
 b - a staff of death
Jewellery
 f - a ring of protection from fire (left hand)
 k - a ring of willpower
 q - an amulet of the acrobat (around neck)
 v - a ring of see invisible (right hand)
Wands
 s - a wand of mindburst (12)
Scrolls
 h - 3 scrolls of identify
 j - 3 scrolls of teleportation
 o - 5 scrolls of amnesia
 t - a scroll of brand weapon
 y - 2 scrolls of enchant armour


   Skills:
 + Level 3.7 Fighting
 + Level 6.6 Long Blades
 - Level 1.0 Staves
 - Level 6.2 Armour
 + Level 2.8 Dodging
 + Level 1.9 Stealth
 + Level 4.7 Spellcasting
 + Level 9.2 Necromancy
 - Level 0.5 Air Magic
 - Level 0.9 Evocations


You had 2 spell levels left.
You knew the following spells:

 Your Spells              Type           Power      Damage    Failure   Level
a - Pain                  Necr           100%       1d9       1%          1
b - Agony                 Necr           39%        N/A       17%         5
c - Corpse Rot            Necr/Air       46%        N/A       5%          2
d - Animate Dead          Necr           19%        N/A       6%          4
v - Vampiric Draining     Necr           39%        2d8       1%          3
x - Animate Skeleton      Necr           78%        N/A       1%          1

Your spell library contained the following spells:

 Spells                   Type           Power      Damage    Failure   Level
 Poisonous Vapours        Pois/Air       10%        N/A       36%         2
 Dispersal                Tloc           2%         N/A       100%        6
 Disjunction              Tloc           2%         N/A       100%        8


Dungeon Overview and Level Annotations

Branches:
Dungeon (8/15)             Temple (1/1) D:5            Lair (2/6) D:8
Ossuary (visited)
  Swamp: Lair:2-4    Shoals: Lair:2-4     Snake: Lair:2-4    Spider: Lair:2-4

Altars:
Ashenzari
Cheibriados
Dithmenos
Elyvilon
Fedhas
Gozag
Hepliaklqana
Kikubaaqudgha
Makhleb
Nemelex Xobeh
Okawaru
Qazlal
Ru
Sif Muna
Trog
Uskayaw
Vehumet
Wu Jian
Xom
Yredelemnul
Zin

Annotations:
D:5 1 runed translucent door, Stonecrops's ghost, amateur FoFi
D:6 Maggie
Lair:1 Gastronok


Innate Abilities, Weirdness & Mutations

You are immune to poison.
Your flesh is cold resistant. (rC+)
You are immune to negative energy. (rN+++)
You are immune to unholy pain and torment.
You are vulnerable to heat. (rF-)
You do not drink.


Message History

A boulder beetle comes into view.
The boulder beetle curls into a ball and begins rolling!
Casting: Pain (safe; 1% risk of failure)
Confirm with . or Enter, or press ? or * to list all spells.
Aiming: Pain (safe; 1% risk of failure)
Press: ? - help, Shift-Dir - straight line, f/p - polar bear
Aim: a polar bear (moderately wounded, haloed, chance to affect: 83%)
The polar bear writhes in agony.
Casting: Pain (safe; 1% risk of failure)
Confirm with . or Enter, or press ? or * to list all spells.
Aiming: Pain (safe; 1% risk of failure)
Press: ? - help, Shift-Dir - straight line, f/p - polar bear
Aim: a polar bear (heavily wounded, haloed, chance to affect: 83%)
The polar bear writhes in agony.
The boulder beetle hits you!!!
Ouch! That really hurt!
* * * LOW HITPOINT WARNING * * *
The boulder beetle stops rolling and uncurls.
You hear an angry hiss.
You hear a roar!
Casting: Pain (safe; 1% risk of failure)
Confirm with . or Enter, or press ? or * to list all spells.
Aiming: Vampiric Draining (safe; 1% risk of failure)
Press: ? - help, Shift-Dir - straight line, f - boulder beetle
Aim: a boulder beetle (haloed)
You draw life force from the boulder beetle.
You feel life coursing into your body.
The boulder beetle bites you but does no damage.
Casting: Vampiric Draining (safe; 1% risk of failure)
Confirm with . or Enter, or press ? or * to list all spells.
Aiming: Vampiric Draining (safe; 1% risk of failure)
Press: ? - help, Shift-Dir - straight line, f/p - boulder beetle
Aim: a boulder beetle (lightly wounded, haloed)
You draw life force from the boulder beetle!
You feel life coursing into your body. The boulder beetle bites you!
* * * LOW HITPOINT WARNING * * *
As you read the scroll of summoning, it crumbles to dust.
Wisps of shadow whirl around you...
Something barely misses your water moccasin.
Something misses your water moccasin. Something claws your water moccasin.
The boulder beetle bites you!!
You die...

# .. .. .# .#...
.### ..#.. ..
###..####...# .
.○.#.....#.....#.#
..°..............+
....⌠..<..⌠.....⌠#
............F.....
....#...SB#....#
... ###.°#@#...# #
#####lF.## ...#
.### ##


You could see a boulder beetle (ally target), a friendly komodo dragon
(summoned), a friendly cane toad (summoned), a friendly water moccasin
(summoned) and a friendly bullfrog (summoned).

Vanquished Creatures
  A two-headed ogre (D:8)
  A rime drake (Lair:1)
  A komodo dragon (Lair:1)
  A polar bear (Lair:1)
  A steam dragon (D:8)
  5 water moccasins
  An ice beast (D:5)
  3 orc warriors
  A black bear (D:4)
  A sky beast (D:6)
  5 ogres
  A phantom (D:5)
  2 bullfrogs (Lair:1)
  2 scorpions
  2 howler monkeys (D:7)
  3 centaur zombies
  2 orc priests
  2 gnoll shamans
  3 hounds
  3 jellies
  A centaur skeleton (D:5)
  5 iguanas
  Terence (D:3)
  A hell rat (D:8)
  2 orc wizards (D:8)
  A hound skeleton (D:5)
  3 mummies (Ossuary)
  A howler monkey zombie (D:6)
  A howler monkey skeleton (D:5)
  16 gnolls
  6 adders
  An adder zombie (Ossuary)
  3 worms
  A dart slug (D:4)
  15 orcs
  8 ball pythons
  5 endoplasms
  2 goblins
  7 hobgoblins
  3 jackals (D:1)
  5 kobolds
  6 quokkas
  7 bats
  A frilled lizard (D:2)
  5 goblin zombies (Ossuary)
  5 hobgoblin zombies (Ossuary)
  4 kobold zombies (Ossuary)
  A quokka zombie (Ossuary)
  9 rats
  2 rat zombies (Ossuary)
169 creatures vanquished.

Vanquished Creatures (collateral kills)
  A cane toad (Lair:1)
  2 water moccasins
  A wolf (Lair:1)
  A bullfrog (Lair:1)
  A gnoll shaman (D:6)
  A gnoll (D:6)
  2 orcs (D:8)
9 creatures vanquished.

Grand Total: 178 creatures vanquished

Notes
Turn   | Place    | Note
-------+----------+-------------------------------------------
     0 | D:1      | Gather the Mummy Necromancer began the quest for the Orb.
     0 | D:1      | Reached XP level 1. HP: 13/13 MP: 4/4
     2 | D:1      | Learned a level 1 spell: Animate Skeleton
   310 | D:1      | Reached XP level 2. HP: 20/20 MP: 3/6
   313 | D:1      | Learned a level 2 spell: Corpse Rot
   491 | D:1      | Reached skill level 1 in Fighting
   589 | D:1      | Found a faded altar of an unknown god.
  1696 | D:2      | Reached XP level 3. HP: 24/26 MP: 3/7
  2073 | D:2      | Learned a level 3 spell: Vampiric Draining
  2723 | D:2      | Reached XP level 4. HP: 28/33 MP: 3/9
  3356 | D:3      | Identified the +1 pair of gloves "Nita" {rElec Regen+ Str-3
                  | Slay+2}
  3588 | D:3      | Reached XP level 5. HP: 38/38 MP: 1/11
  3934 | D:3      | Noticed Terence
  3946 | D:3      | Learned a level 4 spell: Animate Dead
  4020 | D:3      | Killed Terence
  4021 | D:3      | Reached skill level 1 in Staves
  4363 | D:3      | Reached skill level 5 in Necromancy
  4563 | D:4      | Identified a scroll of acquirement
  4563 | D:4      | Acquired a +2 double sword of protection
  4792 | D:4      | Found a hide-covered altar of Uskayaw.
  4947 | D:4      | Found a sand-covered staircase.
  4954 | Ossuary  | Entered an ossuary
  4962 | Ossuary  | Reached skill level 1 in Long Blades
  4962 | Ossuary  | Reached skill level 1 in Armour
  5144 | Ossuary  | Reached XP level 6. HP: 46/46 MP: 12/12
  5506 | D:4      | Found an iron altar of Okawaru.
  5638 | D:4      | Reached XP level 7. HP: 51/51 MP: 10/13
  5717 | D:5      | Entered Level 5 of the Dungeon
  5784 | D:5      | Found a staircase to the Ecumenical Temple.
  5795 | Temple   | Entered the Ecumenical Temple
  6418 | D:5      | Reached skill level 6 in Necromancy
  6467 | D:5      | Reached XP level 8. HP: 32/57 MP: 1/14
  6721 | D:5      | Found a runed translucent door.
  6725 | D:5      | Noticed Stonecrops's ghost (amateur FoFi)
  6771 | D:5      | Found a snail-covered altar of Cheibriados.
  7311 | D:6      | Reached skill level 7 in Necromancy
  7323 | D:6      | Found a sacrificial altar of Ru.
  7371 | D:6      | Noticed Maggie
  7424 | D:6      | You fall into a shaft and drop 2 floors!
  7641 | D:7      | Reached XP level 9. HP: 62/62 MP: 15/15
  7925 | D:7      | Found a basalt altar of Yredelemnul.
  7948 | D:7      | Reached skill level 5 in Long Blades
  8785 | D:8      | Noticed a two-headed ogre
  8790 | D:8      | Killed a two-headed ogre
  8791 | D:8      | Reached skill level 5 in Armour
  8791 | D:8      | Reached skill level 8 in Necromancy
  9144 | D:8      | Noticed a death yak
  9154 | D:8      | Noticed a death yak
  9155 | D:8      | Noticed a death yak
  9728 | D:8      | Found a sparkling altar of Nemelex Xobeh.
  9801 | D:8      | Found a shimmering altar of Xom.
  9866 | D:8      | Found a staircase to the Lair.
 10084 | Lair:1   | Entered Level 1 of the Lair of Beasts
 10085 | Lair:1   | Noticed a komodo dragon
 10093 | Lair:1   | Killed a komodo dragon
 10226 | Lair:1   | Learned a level 5 spell: Agony
 10328 | Lair:1   | Noticed a rime drake
 10346 | Lair:1   | Killed a rime drake
 10347 | Lair:1   | Reached XP level 10. HP: 44/69 MP: 12/16
 10492 | Lair:1   | Reached skill level 9 in Necromancy
 10499 | Lair:1   | Noticed a cane toad
 10510 | Lair:1   | Killed a cane toad
 10907 | Lair:1   | Noticed Gastronok
 10930 | Lair:2   | Noticed a boulder beetle
 10938 | Lair:2   | Mangled by a boulder beetle

Illustrated notes

Levels and vault maps discovered:
D:1:      matt_arrival_debris, layout_basic,
          shapermc_ecumenical_altar_notcrosses
D:2:      layout_loops_corners
D:3:      layout_basic, hex_large, uniq_terence
D:4:      black_bear_nest_1, layout_basic, okawaru_gym_becter,
          eat_drink_and_be_merry_uskayaw, nicolae_ossuary_entry_ruins
D:5:      layout_basic, mainiacjoe_overflow_large_starburst,
          minmay_temple_entry_large_hall, ebering_ghost_sewer_d,
          minmay_crystal_room
D:6:      layout_rooms, nicolae_ru_awakened_eye, serial_shops, shop,
          nicolae_shop_advertising_works [nicolae_subvault_shop_adworks],
          uniq_crazy_yiuf_cottage, uniq_maggie, uniq_menkaure
D:7:      layout_basic, lemuel_doored_altar
D:8:      layout_loops_cross, mainiacjoe_overflow_two_lobes, dpeg_lair_monsters
Temple:   oiseaux_autumnal_temple
Lair:1:   layout_chaotic_city, gauntlet_entry_generic, st_stairs_3,
          beast_lair_carwin_2, uniq_gastronok
Lair:2:   layout_big_grid, basic_altar, grunt_forest_small_clearings,
          grunt_megastairs_5, serial_bayou_shore_b

Skill      XL: |  1  2  3  4  5  6  7  8  9 10 |
---------------+-------------------------------+-----
Spellcasting   | 3 4 |  4.7
Fighting       | 1 2 3 |  3.7
Staves         | 1 |  1.0
Necromancy     | 5 6 7 8 9 |  9.2
Long Blades    | 1 2 3 4 6 |  6.6
Armour         | 1 2 3 4 6 |  6.2
Dodging        | 2 |  2.8
Stealth        | |  1.9
Air Magic      | |  0.5
Evocations     | |  0.9

Action                   |  1- 3 |  4- 6 |  7- 9 | 10-12 || total
-------------------------+-------+-------+-------+-------++-------
Melee: Quarterstaff      |    29 |    32 |       |       ||    61
       Double sword      |       |    89 |   225 |    25 ||   339
       Punch             |       |       |     3 |       ||     3
Throw: Dart              |     2 |       |     1 |     3 ||     6
       Javelin           |     5 |       |     5 |       ||    10
       Stone             |       |     6 |       |       ||     6
 Cast: Pain              |    66 |    44 |    28 |     5 ||   143
       Animate Skeleton  |     4 |     5 |     5 |       ||    14
       Vampiric Draining |     2 |     8 |    10 |     2 ||    22
       Corpse Rot        |       |     4 |       |       ||     4
       Animate Dead      |       |     1 |     5 |     3 ||     9
Evoke: Wand              |       |     6 |       |       ||     6
  Use: Scroll            |     2 |     9 |     6 |     1 ||    18
 Stab: Sleeping          |     2 |     2 |       |       ||     4
       Distracted        |       |       |       |     1 ||     1
Armor: Robe              |    11 |     6 |       |       ||    17
       Leather armour    |       |    34 |     5 |       ||    39
       Ring mail         |       |       |   123 |    24 ||   147
Dodge: Dodged            |    31 |    95 |   113 |    26 ||   265

Table legend: (Time is in decaauts)
 A = Elapsed time spent in this place.
 B = Non-inter-level travel time spent in this place.
 C = Inter-level travel time spent in this place.
 D = Time resting spent in this place.
 E = Time spent auto-exploring this place.
 F = Levels seen in this place.
 G = Mean time per level.
                   A        B        C        D        E       F      G
               +--------+--------+--------+--------+--------+-----+--------+
         Total |  11056 |  10378 |    678 |   1258 |   6686 |  12 |  921.3 |
       Dungeon |   9489 |   8865 |    624 |    876 |   5924 |   8 | 1186.1 |
        Temple |    328 |    274 |     54 |      0 |    260 |   1 |  328.0 |
          Lair |    862 |    862 |      0 |    238 |    422 |   2 |  431.0 |
       Ossuary |    377 |    377 |      0 |    144 |     79 |   1 |  377.0 |
               +--------+--------+--------+--------+--------+-----+--------+

Top non-repeatable levels by time:
     D:7: 1829 daAuts
     D:2: 1601 daAuts
     D:1: 1598 daAuts
     D:3: 1377 daAuts
     D:5: 1135 daAuts
     D:8: 862 daAuts
  Lair:1: 851 daAuts
     D:4: 798 daAuts
 Ossuary: 377 daAuts
  Temple: 328 daAuts
     D:6: 287 daAuts
  Lair:2: 10 daAuts
